 Dungeon Crawl Stone Soup version 0.21.1-1-g345015fe64 (webtiles) character file.

140 Peloso the Covered (level 5, -2/46 HPs)
             Began as a Minotaur Fighter on July 14, 2018.
             Slain by an orc priest
             ... wielding a +0 trident
              (3 damage)
             ... on level 2 of the Dungeon.
             The game lasted 00:03:56 (1664 turns).

Peloso the Covered (Minotaur Fighter)               Turns: 1664, Time: 00:03:57

Health: -2/46      AC:  7    Str: 21    XL:     5   Next: 2%
Magic:  4/4        EV:  8    Int:  5    God:
Gold:   144        SH:  9    Dex: 10    Spells: 4/4 levels left

rFire    x . .     SeeInvis +   a - +0 long sword
rCold    + . .     Gourm    .   c - +0 shield
rNeg     . . .     Faith    .   b - +0 scale mail
rPois    .         Spirit   .   (helmet restricted)
rElec    .         Reflect  .   (no cloak)
rCorr    .         Harm     .   (no gloves)
MR       .....                  (no boots)
Stlth    ..........             (no amulet)
HPRegen  0.15/turn              h - ring of ice
MPRegen  0.09/turn              i - ring of see invisible

@: no status effects
A: retaliatory headbutt, horns 2
a: no special abilities


You were on level 2 of the Dungeon.
You were not hungry.

You visited 1 branch of the dungeon, and saw 3 of its levels.

You collected 144 gold pieces.

Inventory:

Hand Weapons
 a - a +0 long sword (weapon)
 s - a +2 dagger of flaming
Armour
 b - a +0 scale mail (worn)
 c - a +0 shield (worn)
Jewellery
 h - a ring of ice (left hand)
 i - a ring of see invisible (right hand)
Wands
 p - a wand of iceblast (8)
Scrolls
 j - a scroll of enchant weapon {unknown}
 k - a scroll of immolation {unknown}
 q - a scroll of remove curse {unknown}
Potions
 d - a potion of might
 e - 4 potions of curing
 g - 2 potions of haste
 l - a potion of ambrosia {unknown}
 m - a potion of invisibility {unknown}
 n - a potion of heal wounds {unknown}
 o - a potion of lignification {unknown}
Comestibles
 f - 5 rations
 r - 3 chunks of flesh


   Skills:
 + Level 4.1 Fighting
 + Level 3.3 Long Blades
 + Level 4.8 Armour
 + Level 1.3 Dodging
 + Level 4.8 Shields


You had 4 spell levels left.
You didn't know any spells.

Dungeon Overview and Level Annotations

Branches:
Dungeon (3/15)

Altars:
Xom


Innate Abilities, Weirdness & Mutations

You reflexively headbutt those who attack you in melee.
You have a pair of horns on your head.


Message History

Your shield and scale mail prevent you from hitting the adder.
Your headbutt misses the adder.
The adder is almost dead.
You block the adder's attack. The orc priest barely misses you.
You slash the adder!
You kill the adder!
You have reached level 5!
You block the orc priest's attack. The orc priest completely misses you.
Items here: ( ))))))) [[[ ÷÷÷÷÷ †† You closely miss the orc priest.
The orc priest hits you with a trident.
Unknown command.
You barely miss the orc priest. Your headbutt misses the orc priest.
The orc priest mumbles some strange prayers to Beogh against you.
Beogh smites you!
* * * LOW HITPOINT WARNING * * *
You hit the orc priest.
The orc priest is lightly wounded.
The orc priest hits you with a trident.
You die...

...# #..........#.............##
##.# #..........#.#####.........
##.#######.#...#.#.#.............
...........#.#.#.#.#.............
...........#.#...#.'.............
...........#.....###.............
........#.....#..# #.....########
#######.#.###.##[# #.....#
###...#.#.###.##@###.....#####
........#.....##>o...........#
###.#...#.....##).......(....#
..#.###.#.....##....[........#
#....(.......................#
..#####.##..)##..............####
..# #..........................
..# ####...###.................
[.# #...# #.................


You could see an orc priest.

Vanquished Creatures
  An orc wizard (D:2)
  Robin (D:2)
  3 adders (D:2)
  3 worms (D:2)
  3 dart slugs (D:1)
  A leopard gecko (D:2)
  3 orcs (D:2)
  8 bats
  3 giant cockroaches (D:1)
  6 hobgoblins
  A ball python (D:1)
  2 frilled lizards
  15 goblins
  2 kobolds
  7 rats
59 creatures vanquished.

Notes
Turn   | Place    | Note
-------+----------+-------------------------------------------
     0 | D:1      | Peloso the Minotaur Fighter began the quest for the Orb.
     0 | D:1      | Reached XP level 1. HP: 19/19 MP: 0/0
    49 | D:1      | Reached XP level 2. HP: 18/27 MP: 1/1
   443 | D:2      | Reached XP level 3. HP: 30/33 MP: 2/2
   518 | D:2      | Found a shimmering altar of Xom.
   519 | D:2      | Found a shimmering altar of Xom.
   519 | D:2      | Found a shimmering altar of Xom.
   694 | D:2      | Reached skill level 1 in Dodging
  1049 | D:2      | Reached XP level 4. HP: 33/40 MP: 3/3
  1316 | D:3      | Noticed Robin
  1656 | D:2      | Killed Robin
  1660 | D:2      | Reached XP level 5. HP: 19/46 MP: 4/4
  1663 | D:2      | HP: 1/46 [orc priest/divine providence (13)]
  1664 | D:2      | Slain by an orc priest

Skill      XL: |  1  2  3  4 |
---------------+-------------+-----
Shields        | 4 |  4.8
Armour         | 4 |  4.8
Fighting       | 4 |  4.1
Dodging        | 1 |  1.3
Long Blades    | 3 |  3.3

Action                   |  1- 3 |  4- 6 || total
-------------------------+-------+-------++-------
Melee: Long sword        |   106 |    50 ||   156
       Headbutt          |    17 |     7 ||    24
  Use: Scroll            |     2 |       ||     2
  Eat: Chunk             |       |     3 ||     3
Armor: Scale mail        |    43 |    34 ||    77
Dodge: Dodged            |    34 |    31 ||    65
Block: Shield            |    72 |    48 ||   120
       Rpst.: Long sword |     6 |     9 ||    15
